 Dungeon Crawl Stone Soup version 0.26.0-15-gc6cd9f7 (webtiles) character file.

Game seed: 10055778630296371744

19308 Jonnyslop the Severer (level 12, 0/110 HPs)
             Began as a Hill Orc Fighter on Feb 3, 2021.
             Was a High Priest of Beogh.
             Slain by an orc warrior
             ... wielding a +0 halberd of flaming
              (16 damage)
             ... on level 2 of the Orcish Mines on Feb 5, 2021.
             The game lasted 00:25:43 (15315 turns).

Jonnyslop the Severer (Hill Orc Fighter)           Turns: 15315, Time: 00:25:44

Health: 0/110      AC: 18    Str: 24    XL:     12   Next: 67%
Magic:  17/20      EV: 11    Int: 11    God:    Beogh [*****.]
Gold:   844        SH:  0    Dex: 10    Spells: 11/11 levels left

rFire    . . .     SeeInvis .   r - +2 battleaxe (elec)
rCold    . . .     Faith    .   (shield currently unavailable)
rNeg     . . .     Spirit   .   M - +0 plate armour
rPois    .         Reflect  .   H - +1 helmet {Int+3}
rElec    .         Harm     .   (no cloak)
rCorr    .         Rampage  .   d - +0 pair of gloves
Will     .....                  (no boots)
Stlth    ..........             y - amulet of magic regeneration
HPRegen  0.28/turn              K - +4 ring of evasion
MPRegen  0.42/turn              o - ring of flight

@: studying Staves
A: walk on water
a: Renounce Religion, Evoke Flight, Smiting, Recall Orcish Followers, Give Item
to Named Follower


You were on level 2 of the Orcish Mines.
You worshipped Beogh.
Beogh was extremely pleased with you.
You visited 2 branches of the dungeon, and saw 14 of its levels.
You also visited: Bailey.

You collected 1100 gold pieces.
You spent 256 gold pieces at shops.

Inventory:

Hand Weapons
 r - a +2 battleaxe of electrocution (weapon)
Missiles
 k - 10 javelins (quivered)
Armour
 d - a +0 pair of gloves (worn)
 H - a +1 helmet of intelligence (worn)
 M - a +0 plate armour (worn)
Jewellery
 o - a ring of flight (right hand)
 y - an amulet of magic regeneration (around neck)
 K - a +4 ring of evasion (left hand)
Wands
 c - a wand of polymorph (9)
 j - a wand of flame (29)
 x - a wand of iceblast (23)
 C - a wand of disintegration (8)
 D - a wand of enslavement (8)
 E - a wand of paralysis (13)
 G - a wand of random effects (35)
Scrolls
 b - 2 scrolls of amnesia
 h - 4 scrolls of teleportation
 l - 4 scrolls of fear
 n - 2 scrolls of magic mapping
 w - 3 scrolls of enchant armour
 z - 5 scrolls of remove curse
 I - a scroll of fog
 L - a scroll of blinking
Potions
 e - 4 potions of magic {unknown}
 f - 6 potions of curing
 g - a potion of mutation {unknown}
 i - 3 potions of haste
 m - 2 potions of ambrosia
 p - 3 potions of brilliance
 q - 3 potions of lignification
 s - a potion of invisibility {unknown}
 t - a potion of flight {unknown}
 u - 2 potions of berserk rage
 A - 2 potions of cancellation
 B - 2 potions of attraction {unknown}
 J - a potion of degeneration {unknown}
Books
 F - a manual of Staves


   Skills:
 + Level 11.6 Fighting
 * Level 16.6 Axes
 + Level 9.9 Armour
 - Level 0.7 Dodging
 - Level 0.2 Stealth
 - Level 3.2 Shields
 + Level 11.6 Invocations


You had 11 spell levels left.
You didn't know any spells.
Your spell library contained the following spells:

 Spells                   Type           Power        Failure   Level
 Animate Skeleton         Necr           0%           99%         1
 Apportation              Tloc           0%           99%         1
 Corona                   Hex            0%           99%         1
 Summon Small Mammal      Summ           0%           99%         1
 Slow                     Hex            0%           99%         2
 Dazzling Flash           Conj/Hex       0%           100%        3
 Inner Flame              Hex/Fire       0%           100%        3
 Portal Projectile        Hex/Tloc       0%           100%        3
 Cause Fear               Hex            0%           100%        4
 Leda's Liquefaction      Hex/Erth       0%           100%        4
 Bolt of Magma            Conj/Fire/Erth 0%           100%        5
 Iskenderun's Battlesphe  Conj           0%           100%        5
 Silence                  Hex/Air        0%           100%        5
 Yara's Violent Unravell  Hex/Tmut       0%           100%        5
 Iron Shot                Conj/Erth      0%           100%        6
 Statue Form              Tmut/Erth      0%           100%        6
 Orb of Destruction       Conj           0%           100%        7
 Spellforged Servitor     Conj/Summ      0%           100%        7
 Shatter                  Erth           0%           100%        9


Dungeon Overview and Level Annotations

Branches:
Dungeon (12/15)            Temple (0/1) D:6            Lair (0/6) D:11
    Orc (2/2) D:12            Elf (0/3) Orc:2        Bailey (visited)

Altars:
Dithmenos
Fedhas
Gozag
Kikubaaqudgha
Makhleb
Nemelex Xobeh
Ru
Sif Muna
Trog
The Shining One

Shops:
D:4 (   D:8 (   D:9 }


Message History

Press: ? - help, Dir - move target, f - orc high priest Smite: an orc high priest, wielding a +0 trident and wearing a cursed +0 leather armour You smite the orc high priest!
The orc high priest is heavily wounded.
The smoke demon gestures at you. Beogh smites you!
* * * LOW HITPOINT WARNING * * *
The smoke demon hits your orc! The smoke demon hits your orc.
Your orc dies!
The orc wizard gestures wildly while chanting.
The orc wizard blinks!
The orc completely misses you.
The ogre hits your orc warrior with a +0 giant spiked club!!
Your orc warrior dies!
Your orc priest looks encouraged for a moment.
The orc high priest hits you but does no damage.
The orc hits your orc with a +0 morningstar!
Your orc dies!
The orc warrior hits you from afar with a +0 halberd of flaming!
You die...
Beogh appreciates the orc warrior's killing of a heretic priest.

...............
...............
.....o....o....
......3o..o)...
.......o3ooo....
.....o.ooOO.....
.....o[o)...#...
.....oo@oo......
.....)oo.ooo....
....#...oo.o....
...
##..oo........ .
###oo.......#
##.o........#
##...........#
##..........#.#
†
##.#...........#
.


You could see an orc high priest, 2 smoke demons, an orc sorcerer, 6 orc
warriors, 2 ogres, an orc wizard, 2 orcs, a friendly orc knight, 2 friendly orc
warriors, the friendly Borgun the orc warrior (strong), a friendly orc priest
(strong), the friendly Gorg the orc priest (strong), the friendly Spirok the orc
priest (strong), a friendly orc wizard, the friendly Bogwald the orc wizard
(strong) and 10 friendly orcs.

Vanquished Creatures
  A boulder beetle (D:12)
  A two-headed ogre (D:12)
  An orc high priest (Orc:1)
  A tengu warrior (D:10)
  3 unseen horrors
  An orc sorcerer (Orc:1)
  2 cyclopes
  2 kobold demonologists (D:12)
  A komodo dragon (D:11)
  2 trolls (D:9)
  Grinder (D:3)
  A shadow (D:12)
  A wraith (D:11)
  9 yaks
  2 wargs (Orc:2)
  5 black bears
  4 orc warriors
  An eye of draining (D:9)
  3 sky beasts
  3 ice beasts
  5 phantoms
  A hornet zombie (D:10)
  14 ogres
  5 centaurs
  A big kobold (D:9)
  9 bullfrogs
  A wyvern zombie (D:10)
  A wyvern skeleton (D:12)
  5 scorpions
  5 killer bees
  2 wights (D:9)
  3 centaur zombies
  7 hounds
  A bullfrog zombie (D:12)
  5 jellies
  3 bullfrog skeletons
  3 orc priests (D:5)
  6 orc wizards
  A centaur skeleton (D:4)
  5 worker ants
  3 iguanas
  A worker ant zombie (D:8)
  7 gnolls
  17 adders
  A shadow imp (D:7)
  A white imp (D:6)
  3 ufetubi
  2 oozes
  2 adder skeletons
  4 worms
  3 dart slugs
  5 leopard geckos
  27 orcs
  8 bats
  7 giant cockroaches
  7 goblins
  6 hobgoblins
  6 jackals
  4 quokkas
  5 frilled lizards
  A jackal zombie (D:5)
  15 kobolds
  A leopard gecko skeleton (D:5)
  3 quokka skeletons
  A quokka zombie (D:8)
  11 rats
279 creatures vanquished.

Vanquished Creatures (collateral kills)
  A stone giant (Orc:1)
  3 unseen horrors
  An orc knight (Orc:2)
  2 cyclopes
  A gargoyle (D:10)
  A hornet (D:12)
  2 trolls
  A vampire (D:10)
  A basilisk (D:12)
  6 yaks (D:11)
  A warg (Orc:1)
  An acid dragon (D:10)
  A water moccasin (D:11)
  3 orc warriors
  A phantom (D:12)
  A centaur (D:12)
  2 bullfrogs
  3 killer bees
  A bullfrog zombie (D:10)
  A hound (D:10)
  2 orc priests
  An orc wizard (Orc:1)
  A worker ant (D:10)
  An iguana (D:11)
  A worker ant zombie (D:10)
  An adder (D:12)
  6 orcs
  3 kobolds
50 creatures vanquished.

Vanquished Creatures (others)
  An orc sorcerer (D:11)
  5 orc warriors
  2 orc priests (Orc:2)
  2 orc wizards (D:11)
  An adder (D:3)
  16 orcs
  3 goblins (D:3)
  34 fungi
  28 plants
92 creatures vanquished.

Grand Total: 421 creatures vanquished

Notes
Turn   | Place    | Note
-------+----------+-------------------------------------------
     0 | D:1      | Jonnyslop the Hill Orc Fighter began the quest for the Orb.
     0 | D:1      | Reached XP level 1. HP: 19/19 MP: 1/1
    17 | D:1      | Reached skill level 3 in Axes
    47 | D:1      | Reached XP level 2. HP: 23/27 MP: 2/2
   370 | D:1      | Reached XP level 3. HP: 33/33 MP: 3/3
   465 | D:1      | Reached skill level 4 in Axes
   979 | D:2      | Found a sacrificial altar of Ru.
  1074 | D:2      | Reached XP level 4. HP: 40/40 MP: 4/4
  1201 | D:2      | Found a faded altar of an unknown god.
  1272 | D:2      | Reached skill level 5 in Axes
  1406 | D:2      | Found a blossoming altar of Fedhas.
  1435 | D:2      | Found an ancient bone altar of Kikubaaqudgha.
  1604 | D:3      | Became a worshipper of Beogh the Brigand
  1654 | D:3      | Noticed Grinder
  1681 | D:3      | Killed Grinder
  1682 | D:3      | Reached skill level 7 in Axes
  1682 | D:3      | Reached XP level 5. HP: 25/47 MP: 5/5
  1682 | D:3      | Reached XP level 6. HP: 29/53 MP: 6/6
  1918 | D:3      | Reached skill level 1 in Invocations
  2070 | D:3      | Reached * piety under Beogh
  2381 | D:4      | Identified Sif Muna's Incunabulum of Hexes
  2405 | D:4      | Reached skill level 5 in Fighting
  2405 | D:4      | Reached skill level 8 in Axes
  2405 | D:4      | Reached XP level 7. HP: 54/61 MP: 8/8
  3001 | D:4      | Reached skill level 9 in Axes
  3788 | D:4      | Found a bloodstained altar of Trog.
  3810 | D:4      | You fall into a shaft and drop 1 floor!
  3810 | D:5      | Entered Level 5 of the Dungeon
  3935 | D:5      | Reached XP level 8. HP: 70/70 MP: 10/10
  4108 | D:4      | Found Vatipn's Antique Weapon Shoppe.
  4233 | D:5      | Found a sparkling altar of Nemelex Xobeh.
  4390 | D:5      | Reached ** piety under Beogh
  4730 | D:5      | Reached skill level 10 in Axes
  4868 | D:5      | Reached skill level 5 in Invocations
  5148 | D:5      | Found a shimmering blue altar of Sif Muna.
  5480 | D:5      | Reached XP level 9. HP: 32/79 MP: 13/13
  5850 | D:4      | Bought a runed battleaxe for 256 gold pieces
  6205 | D:6      | Reached skill level 5 in Armour
  6479 | D:6      | Reached skill level 11 in Axes
  6632 | D:6      | Found a staircase to the Ecumenical Temple.
  7123 | D:7      | Found a flagged portal.
  7154 | Bailey   | Entered a bailey
  7657 | D:8      | Found Imorhuin's Antique Weapon Boutique.
  7712 | D:8      | Reached *** piety under Beogh
  8236 | D:8      | Found an opulent altar of Gozag.
  8331 | D:8      | Reached skill level 12 in Axes
  9032 | D:9      | Reached XP level 10. HP: 83/90 MP: 15/15
  9193 | D:9      | Found a shadowy altar of Dithmenos.
  9373 | D:9      | Found Cestino's Gadget Shoppe.
  9493 | D:9      | Found a burning altar of Makhleb.
  9812 | D:10     | Entered Level 10 of the Dungeon
  9838 | D:10     | Reached **** piety under Beogh
 10096 | D:10     | Reached skill level 13 in Axes
 10125 | D:10     | Found a glowing golden altar of the Shining One.
 10225 | D:10     | Found a burning altar of Makhleb.
 10833 | D:10     | Noticed a gargoyle
 10841 | D:10     | Killed a gargoyle
 11000 | D:10     | Noticed a cyclops
 11000 | D:10     | Noticed a tengu warrior
 11016 | D:10     | Killed a tengu warrior
 11018 | D:10     | Killed an unseen horror
 11022 | D:10     | Killed a cyclops
 11024 | D:10     | Noticed a cyclops
 11027 | D:10     | Killed a cyclops
 11028 | D:10     | Reached XP level 11. HP: 25/97 MP: 17/17
 11409 | D:10     | Reached skill level 14 in Axes
 12071 | D:11     | Noticed a cyclops
 12086 | D:11     | Killed a cyclops
 12087 | D:11     | Reached skill level 10 in Fighting
 12088 | D:11     | Killed an unseen horror
 12096 | D:11     | Killed an unseen horror
 12106 | D:11     | Found a staircase to the Lair.
 12107 | D:11     | Killed an unseen horror
 12108 | D:11     | Reached skill level 10 in Invocations
 12122 | D:11     | Reached skill level 15 in Axes
 12125 | D:11     | Gained Spirok as an ally
 12692 | D:12     | Noticed a cyclops
 12710 | D:12     | Killed a cyclops
 13140 | D:12     | Killed an unseen horror
 13337 | D:12     | Killed an unseen horror
 13467 | D:12     | Reached ***** piety under Beogh
 13473 | D:12     | Noticed a soul eater
 13492 | D:12     | Reached XP level 12. HP: 63/106 MP: 18/20
 13790 | D:12     | Noticed a two-headed ogre
 13802 | D:12     | Killed a two-headed ogre
 14199 | D:12     | Found a staircase to the Orcish Mines.
 14225 | D:12     | Noticed a boulder beetle
 14232 | D:12     | Killed a boulder beetle
 14233 | D:12     | Reached skill level 16 in Axes
 14371 | Orc:1    | Entered Level 1 of the Orcish Mines
 14371 | Orc:1    | Noticed an orc high priest
 14376 | Orc:1    | Noticed a sun demon
 14377 | Orc:1    | Killed an orc high priest
 14710 | Orc:1    | Noticed a stone giant
 14714 | Orc:1    | Gained Bogwald as an ally
 14717 | Orc:1    | Killed a stone giant
 15166 | Orc:2    | Entered Level 2 of the Orcish Mines
 15232 | Orc:2    | Gained Borgun as an ally
 15234 | Orc:2    | Gained Gorg as an ally
 15281 | Orc:2    | Found a staircase to the Elven Halls.
 15304 | Orc:2    | Noticed an orc high priest
 15309 | Orc:2    | Noticed a sun demon
 15315 | Orc:2    | Slain by an orc warrior

Illustrated notes

Levels and vault maps discovered:
D:1:      wander_arrival_desolate, layout_loops_ring, nrook_mini_backslash
D:2:      cheibrodos_old_hovel, layout_loops_cross, kiku_gazebo_garden_becter,
          lemuel_coloured_pillars_altar, nicolae_ru_awakened_eye,
          chequers_ecumenical_altar_lobes
D:3:      layout_rooms, kennysheep_generic_room_5, uniq_grinder
D:4:      layout_gridville, lemuel_round_altar, serial_shops,
          nicolae_shop_overgrown_old_shop
D:5:      layout_cave_pods, led_sif_pool, basic_altar
D:6:      layout_basic, minmay_temple_entry_from_below_a
D:7:      layout_basic, enter_bailey_5
D:8:      layout_basic, kennysheep_little_box, serial_shops, shop
D:9:      layout_roguey, lemuel_doored_altar, serial_shops, shop, basic_altar
D:10:     minmay_the_grid_3x2 [minmay_the_grid_expand,
          minmay_the_grid_diamond_grid, minmay_the_grid_stretched_grid,
          minmay_the_grid_pillar_ring, minmay_the_grid_box_x,
          minmay_the_grid_prize_shrinking_boxes], layout_basic, st_stairs_2,
          nzn_life_drinkers
D:11:     layout_rooms, due_lair_maze_entry_diamond
D:12:     layout_cave_pools, orc_0_dummy
Orc:1:    layout_diamond_mine
Orc:2:    grunt_orc_gardens, layout_caves, grunt_orc_garden, grunt_orc_garden,
          grunt_orc_garden, grunt_orc_garden, lightli_orcish_oven

Skill      XL: |  1  2  3  4  5  6  7  8  9 10 11 12 |
---------------+-------------------------------------+-----
Axes           | 3 4 7 8 9 10 12 13 15 16 | 16.6
Fighting       | 4 5 7 8 9 10 11 | 11.6
Invocations    | 2 3 5 7 9 10 11 | 11.6
Armour         | 4 6 7 9 |  9.9
Dodging        | |  0.7
Stealth        | |  0.2
Shields        | |  3.2

Action                   |  1- 3 |  4- 6 |  7- 9 | 10-12 || total
-------------------------+-------+-------+-------+-------++-------
Melee: War axe           |    95 |   107 |   221 |       ||   423
       Battleaxe         |       |       |   164 |   325 ||   489
Invok: Convert to Beogh  |       |     1 |       |       ||     1
       Smiting           |       |       |       |     2 ||     2
       Recall Orcish Fol |       |       |       |     1 ||     1
  Use: Scroll            |     1 |     6 |    10 |     6 ||    23
       Potion            |       |     1 |       |     6 ||     7
 Stab: Distracted        |       |       |       |     2 ||     2
Armor: Scale mail        |    39 |    47 |    88 |       ||   174
       Chain mail        |       |       |   107 |   237 ||   344
       Plate armour      |       |       |       |    13 ||    13
Dodge: Dodged            |    19 |    30 |   151 |   161 ||   361
Block: Kite shield       |    57 |    57 |    78 |       ||   192
